 Dungeon Crawl Stone Soup version 0.16-a0-3636-gf0307c9 (webtiles) character file.

10151 Ololoev the Arsonist (level 11, -1/61 HPs)
             Began as an Octopode Fire Elementalist on Jan 15, 2015.
             Was an Elder of Vehumet.
             Slain by a shadow (30 damage)
             ... on level 11 of the Dungeon.
             The game lasted 00:56:21 (13683 turns).

Ololoev the Arsonist (Octopode Fire Elementalist)  Turns: 13683, Time: 00:56:22

Health: -1/61      AC:  1    Str:  8    XL:     11   Next: 57%
Magic:  14/26      EV: 12    Int: 24    God:    Vehumet [****..]
Gold:   592        SH:  5    Dex: 13    Spells: 5 memorised, 5 levels left

rFire  . . .     SeeInvis .     G - +7 mace of the Realm of Zot {holy, +Blink rElec Int+4}
rCold  . . .     Clarity  .     s - +0 buckler
rNeg   . . .     SustAb   .     (helmet restricted)
rPois  +         Gourm    .     L - amulet of regeneration
rElec  +         Spirit   .     (no ring)
rCorr  .         Warding  .     x - ring of protection from magic
rMut   .         Stasis   .     u - ring of stealth
MR     +....                    (no ring)
Stlth  ++++......               (no ring)
                                (no ring)
                                (no ring)
                                (no ring)

@: somewhat resistant to hostile enchantments, stealthy
A: almost no armour, amphibious, 8 rings, constrict 8, camouflage 1, breathe
flames 1, mutation resistance 1, poison resistance, gelatinous body 1, no device
heal 1, MP-powered wands 1
a: Renounce Religion, Breathe Fire, Evoke Blink


You were on level 11 of the Dungeon.
You worshipped Vehumet.
Vehumet was greatly pleased with you.
You were not hungry.

You visited 2 branches of the dungeon, and saw 12 of its levels.

You collected 808 gold pieces.
You spent 216 gold pieces at shops.

Notes
Turn   | Place    | Note
--------------------------------------------------------------
     0 | D:1      | Ololoev, the Octopode Fire Elementalist, began the quest for the Orb.
     0 | D:1      | Reached XP level 1. HP: 11/11 MP: 3/3
   232 | D:1      | Reached XP level 2. HP: 13/17 MP: 0/5
  1206 | D:2      | Reached XP level 3. HP: 19/21 MP: 2/6
  1211 | D:2      | Learned a level 3 spell: Conjure Flame
  1671 | D:2      | Found a shadowy altar of Dithmenos.
  1726 | D:2      | You fall through a shaft!
  1781 | D:3      | HP: 1/21 [orc wizard/dagger of speed (4)]
  1786 | D:3      | Reached XP level 4. HP: 2/27 MP: 0/8
  2258 | D:3      | Reached skill level 4 in Fire Magic
  2349 | D:3      | Reached XP level 5. HP: 14/31 MP: 7/10
  3255 | D:4      | Noticed an ogre
  3267 | D:4      | Killed an ogre
  3267 | D:4      | Reached XP level 6. HP: 36/36 MP: 5/13
  3466 | D:4      | Reached skill level 5 in Fire Magic
  3747 | D:4      | Noticed MrRokkomies' ghost (average OpTm)
  3768 | D:4      | Killed MrRokkomies' ghost
  3768 | D:4      | Reached XP level 7. HP: 33/41 MP: 5/15
  3953 | D:4      | Noticed a phantom
  3960 | D:4      | Learned a level 4 spell: Sticky Flame
  3965 | D:4      | Killed a phantom
  4117 | D:4      | Reached skill level 5 in Conjurations
  4343 | D:5      | Entered Level 5 of the Dungeon
  4483 | D:5      | Reached skill level 6 in Fire Magic
  4655 | D:5      | Reached XP level 8. HP: 34/46 MP: 10/18
  5205 | D:5      | Noticed Blork the orc
  5216 | D:5      | Killed Blork the orc
  5224 | D:5      | Reached skill level 7 in Fire Magic
  5564 | D:6      | Noticed MrRokkomies' ghost (experienced OpTm)
  5925 | D:6      | Found a bloodstained altar of Trog.
  5934 | D:6      | Killed MrRokkomies' ghost
  5934 | D:6      | Reached XP level 9. HP: 42/51 MP: 10/20
  6000 | D:6      | Reached skill level 5 in Spellcasting
  6236 | D:6      | Noticed Grinder
  6243 | D:6      | Killed Grinder
  6243 | D:6      | Reached skill level 8 in Fire Magic
  6954 | D:6      | Found a sacrificial altar of Ru.
  6956 | D:6      | Noticed Ijyb
  6960 | D:6      | Killed Ijyb
  7250 | D:6      | Noticed Crazy Yiuf
  7253 | D:6      | Killed Crazy Yiuf
  7303 | D:7      | Found a staircase to the Ecumenical Temple.
  7311 | Temple   | Entered the Ecumenical Temple
  7315 | Temple   | Became a worshipper of Vehumet
  7365 | D:7      | Learned a level 5 spell: Fireball
  7586 | D:7      | Found Iluvisoi's Antique Weapon Shoppe.
  7813 | D:7      | Bought a steaming mace for 216 gold pieces
  7813 | D:7      | Identified the +7 mace of the Realm of Zot {holy, +Blink rElec Int+4} (You bought it in a shop on level 7 of the Dungeon)
  8026 | D:7      | Found a bloodstained altar of Trog.
  8423 | D:7      | Reached skill level 9 in Fire Magic
  8768 | D:8      | Reached skill level 1 in Shields
  8777 | D:8      | Acquired Vehumet's first power
  8777 | D:8      | Offered knowledge of Sandblast by Vehumet.
  8782 | D:8      | Reached skill level 1 in Evocations
  8849 | D:8      | Reached XP level 10. HP: 28/56 MP: 15/23
  9083 | D:8      | Offered knowledge of Freeze by Vehumet.
  9210 | D:8      | Found a staircase to the Lair.
  9553 | D:8      | Noticed haldagan's ghost (experienced OpFi)
  9606 | D:8      | Killed haldagan's ghost
 10047 | D:8      | Reached skill level 5 in Evocations
 10662 | D:9      | Offered knowledge of Static Discharge by Vehumet.
 10812 | D:9      | Acquired Vehumet's second power
 10863 | D:9      | Reached skill level 10 in Fire Magic
 10897 | D:9      | Gained mutation: Potions and wands are less effective at restoring your health. [mutagenic meat]
 10898 | D:9      | Gained mutation: You can breathe flames. [mutagenic meat]
 11271 | D:9      | Found a staircase to the Orcish Mines.
 11428 | D:9      | Found a white marble altar of Elyvilon.
 11447 | D:9      | Noticed Psyche
 11453 | D:9      | Killed Psyche
 11453 | D:9      | Reached XP level 11. HP: 61/61 MP: 11/25
 11456 | D:9      | Offered knowledge of Iskenderun's Mystic Blast by Vehumet.
 11947 | D:10     | Entered Level 10 of the Dungeon
 12002 | D:9      | Reached skill level 10 in Conjurations
 12750 | D:10     | Acquired Vehumet's third power
 13049 | D:11     | Gained mutation: You expend magic power (3 MP) to slightly strengthen your wands. [potion of mutation]
 13049 | D:11     | Gained mutation: Your spells are a little harder to cast, but a little more powerful. [potion of mutation]
 13049 | D:11     | Gained mutation: You are somewhat resistant to further mutation. [potion of mutation]
 13050 | D:11     | Gained mutation: Your system is resistant to poisons. [potion of mutation]
 13051 | D:11     | Lost mutation: Your spells are a little harder to cast, but a little more powerful. [potion of mutation]
 13118 | D:11     | Offered knowledge of Force Lance by Vehumet.
 13226 | D:11     | Noticed Urug
 13232 | D:11     | Killed Urug
 13342 | D:11     | Learned a level 6 spell: Bolt of Fire
 13683 | D:11     | Slain by a shadow

Inventory:

Hand weapons
 r - a +2 dagger of speed
 B - a +2 dire flail of protection
 G - the +7 mace of the Realm of Zot (weapon) {holy, +Blink rElec Int+4}
   (You bought it in a shop on level 7 of the Dungeon)

   It has been blessed by the Shining One to cause great damage to the undead
   and demons.
   It affects your intelligence (+4).
   It insulates you from electricity.
   It lets you blink.
Armour
 s - a +0 buckler (worn)
Jewellery
 u - a ring of stealth (on tentacle)
 x - a ring of protection from magic (right tentacle)
 L - an amulet of regeneration (around mantle)
Magical devices
 A - a wand of disintegration (15)
 O - a wand of draining (8)
Scrolls
 a - 2 scrolls of random uselessness {unknown}
 e - 4 scrolls of recharging {unknown}
 i - 5 scrolls of remove curse
 j - 4 scrolls of amnesia
 m - 6 scrolls of teleportation {unknown}
 n - a scroll of immolation {unknown}
 t - 2 scrolls of fog {unknown}
 w - a scroll of fear {unknown}
 y - a scroll of enchant weapon {unknown}
 C - 2 scrolls of enchant armour {unknown}
 K - 3 scrolls of magic mapping {unknown}
 M - a scroll of acquirement {unknown}
Potions
 d - 3 potions of heal wounds
 f - 3 potions of curing
 g - a potion of brilliance {unknown}
 o - a potion of ambrosia {unknown}
 q - a potion of invisibility {unknown}
 v - a potion of berserk rage {unknown}
 z - 3 potions of restore abilities {unknown}
 E - 3 potions of poison {unknown}
 F - a potion of haste {unknown}
 N - a potion of flight {unknown}
Books
 b - a book of Flames

   Spells                             Type                      Level
   a - Flame Tongue                   Conjuration/Fire             1
   b - Throw Flame                    Conjuration/Fire             2
   c - Conjure Flame                  Conjuration/Fire             3
   d - Inner Flame                    Hexes/Fire                   3
   e - Sticky Flame                   Conjuration/Fire             4
   f - Fireball                       Conjuration/Fire             5
 J - a book of the Dragon

   Spells                             Type                      Level
   a - Flight                         Charms/Air                   3
   b - Cause Fear                     Hexes                        4
   c - Bolt of Fire                   Conjuration/Fire             6
   d - Dragon Form                    Transmutation                7
   e - Dragon's Call                  Summoning                    9
Comestibles
 c - 21 bread rations
 h - 5 slices of pizza
 l - 5 meat rations
 D - a chunk of flesh
 H - 8 beef jerkies
 I - a fruit

Table legend:
 A = Turns spent in this place as a percentage of turns spent in the entire game.
 B = Non-inter-level travel turns spent in this place as a percentage of non-inter-level travel turns spent in the entire game.
 C = Inter-level travel turns spent in this place as a percentage of turns spent in this place.
 D = Turns resting spent in this place as a percentage of non-inter-level travel turns spent in this place.
 E = Turns spent auto-exploring this place as a percentage of non-inter-level travel turns spent in this place.
 F = Non-inter-level travel turns spent in this place divided by the number of levels of this place that you've seen.
                   A       B       C       D       E      F
               +-------+-------+-------+-------+-------+----------------------
         Total | 100.0 | 100.0 |   0.4 |   8.4 |  10.6 | 277.8
       Dungeon |  99.8 |  99.8 |   0.4 |   8.5 |  10.6 | 302.3
        Temple |   0.2 |   0.2 |   0.0 |   0.0 |   0.0 |   8.0
               +-------+-------+-------+-------+-------+----------------------


   Skills:
 - Level 2.0 Dodging
 - Level 2.6 Stealth
 - Level 3.5 Shields
 + Level 7.3 Spellcasting
 + Level 10.5 Conjurations
 + Level 10.9 Fire Magic
 - Level 6.0 Evocations


You had 5 spell levels left.
You knew the following spells:

 Your Spells              Type           Power        Failure   Level  Hunger
a - Flame Tongue          Conj/Fire      #####        1%          1    None
b - Conjure Flame         Conj/Fire      ######..     1%          3    None
c - Sticky Flame          Conj/Fire      ######..     1%          4    ###....
d - Fireball              Conj/Fire      ######....   1%          5    #####..
e - Bolt of Fire          Conj/Fire      ######....   4%          6    ######.


Dungeon Overview and Level Annotations

Branches:
Dungeon (11/15)            Temple (1/1) D:7            Lair (0/8) D:8
    Orc (0/4) D:9

Altars:
Cheibriados
Dithmenos
Elyvilon
Gozag
Kikubaaqudgha
Makhleb
Nemelex Xobeh
Ru
Trog
Vehumet
Zin
The Shining One

Shops:
D:7 (


Innate Abilities, Weirdness & Mutations

You cannot wear most types of armour.
You are amphibious.
You can wear up to eight rings at the same time.
You can use your tentacles to constrict many enemies at once.
Your skin changes colour to match your surroundings (Stealth).
Your rubbery body absorbs attacks (AC +1).
You can breathe flames.
You are somewhat resistant to further mutation.
Your system is resistant to poisons.
Potions and wands are less effective at restoring your health.
You expend magic power (3 MP) to slightly strengthen your wands.


Message History

Aim: a shadow (moderately damaged)
The fireball explodes!
The fireball engulfs the shadow.
The shadow is severely damaged.
Casting: Fireball
Confirm with . or Enter, or press ? or * to list all spells.
Aiming: Sticky Flame
Press: ? - help, Shift-Dir - straight line, f/p - shadow
Aim: a shadow (severely damaged)
The sticky flame hits the shadow.
The shadow is almost destroyed.
You block the shadow's attack.
Casting: Sticky Flame
Confirm with . or Enter, or press ? or * to list all spells.
Aiming: Flame Tongue
Press: ? - help, Shift-Dir - straight line, f/p - shadow
Aim: a shadow (almost destroyed)
The flame tongue hits the shadow.
The shadow is almost destroyed.
The shadow hits you.
Casting: Flame Tongue
Confirm with . or Enter, or press ? or * to list all spells.
Aiming: Flame Tongue
Press: ? - help, Shift-Dir - straight line, f/p - shadow
Aim: a shadow (almost destroyed)
The flame tongue misses the shadow.
The shadow slips into darkness.
The shadow flickers and vanishes!
Deactivating autopickup; reactivate with Ctrl-A.
You closely miss something.
The shadow strikes at you from the darkness!
Reactivating autopickup.
The shadow closely misses you.
You hit the shadow but do no damage.
You squeeze the shadow, but do no damage.
The shadow is almost destroyed.
The shadow slips into darkness.
The shadow flickers and vanishes!
Deactivating autopickup; reactivate with Ctrl-A.
The shadow strikes at you from the darkness!
You die...

##...............#
#...............#
#######)......#.#
#.......#...
########.####...#
#...............#
#.........).....
#.............>#
#.@............#
#.######..............
#......:.............
########............
#........... #########


There were no monsters in sight!

Table legend:
 A = Kills in this place as a percentage of kills in entire the game.
 B = Kills by you in this place as a percentage of kills by you in the entire game.
 C = Kills by friends in this place as a percentage of kills by friends in the entire game.
 D = Other kills in this place as a percentage of other kills in the entire game.
 E = Experience gained in this place as a percentage of experience gained in the entire game.
 F = Experience gained in this place divided by the number of levels of this place that you have seen.
                   A       B       C       D       E      F
               +-------+-------+-------+-------+-------+----------------------
         Total | 100.0 | 100.0 |  -nan | 100.0 | 100.0 | 1208.5
       Dungeon | 100.0 | 100.0 |  -nan | 100.0 | 100.0 | 1318.4
               +-------+-------+-------+-------+-------+----------------------

Vanquished Creatures
  The ghost of haldagan the Blocker, an experienced OpFi of Gozag (D:8)
  Urug (D:11)
  A gargoyle (D:11)
  Psyche (D:9)
  The ghost of MrRokkomies the Insei, an experienced OpTm of Ru (D:6)
  A spiny frog (shapeshifter) (D:11)
  A troll (D:9)
  A two-headed ogre (D:8)
  Grinder (D:6)
  The ghost of MrRokkomies the Insei, an average OpTm (D:4)
  2 hippogriffs (D:7)
  A yak (D:8)
  A deep elf mage (D:11)
  A hungry ghost (D:9)
  A deep elf fighter (D:8)
  A water moccasin (D:9)
  2 orc warriors
  2 ice beasts (D:10)
  2 phantoms
  3 sky beasts
  3 black bears
  An eye of draining (D:9)
  A wasp (D:8)
  4 centaurs
  9 ogres
  A crocodile (D:8)
  Blork the orc (D:5)
  4 giant frogs
  5 big kobolds
  A gnoll sergeant (D:10)
  3 scorpions
  6 killer bees
  3 wights (D:8)
  14 hounds
  3 crimson imps
  A goliath beetle (D:8)
  3 giant frog zombies
  A centaur zombie (D:6)
  A gnoll shaman (D:8)
  8 jellies
  6 orc wizards
  Crazy Yiuf (D:6)
  A wasp zombie (D:8)
  6 centaur skeletons
  2 giant frog skeletons
  7 orc priests
  4 iguanas
  13 worker ants
  Ijyb (D:6)
  2 hound zombies
  2 hound skeletons
  9 adders
  13 gnolls
  2 river rats (D:8)
  4 shadow imps
  2 giant mites
  4 adder skeletons
  4 giant geckos
  3 oozes
  27 orcs
  5 giant cockroaches
  10 goblins
  9 hobgoblins
  8 jackals
  37 kobolds
  5 quokkas
  2 ball pythons
  24 bats
  A giant cockroach zombie (D:6)
  8 giant newts
  A giant spore (D:8)
  28 rats
  4 ballistomycetes (D:8)
  A plant (D:8)
355 creatures vanquished.

Vanquished Creatures (others)
  A fire vortex (D:8)
  A hungry ghost (D:8)
  A giant spore (D:8)
  A quokka (D:9)
  4 fungi (D:8)
  A plant (D:8)
9 creatures vanquished.

Grand Total: 364 creatures vanquished

Action                   |  1- 3 |  4- 6 |  7- 9 | 10-12 || total
-------------------------+-------+-------+-------+-------++-------
Melee: Unarmed           |    40 |       |       |       ||    40
       Dagger            |       |    42 |    38 |       ||    80
       Dire flail        |       |       |    73 |       ||    73
       Mace              |       |       |    44 |    90 ||   134
 Cast: Flame Tongue      |    47 |    41 |   116 |   131 ||   335
       Conjure Flame     |     1 |     5 |    12 |    14 ||    32
       Sticky Flame      |       |       |    20 |    30 ||    50
       Fireball          |       |       |     6 |    64 ||    70
       Bolt of Fire      |       |       |       |     1 ||     1
 Abil: Evoke Blink       |       |       |       |     3 ||     3
Evoke: Wand              |       |       |       |     2 ||     2
  Use: Scroll            |       |       |       |     6 ||     6
       Potion            |       |       |       |     3 ||     3
 Stab: Sleeping          |     3 |     2 |     8 |     4 ||    17
  Eat: Chunk             |     3 |     6 |    21 |    35 ||    65
       Fruit             |       |       |     2 |     1 ||     3
       Royal jelly       |       |       |       |     1 ||     1

Vault maps used:
D:1:      minmay_arrival_up_and_down
D:2:      grunt_dithmenos_smoke_and_mirrors, serial_bayou_pond_b, moated_statue
D:3:      first_bread, minmay_crystal_room
D:5:      uniq_blork_the_orc
D:6:      basic_altar, trog_butcher_becter, uniq_crazy_yiuf_cottage, uniq_iyjb,
          uniq_grinder
D:7:      kennysheep_little_box, minmay_temple_entry_hall, serial_shops, shop
D:8:      grunt_lair_entry_elf_guard_hut
D:9:      elyvilon_altar_4, orc_0_dummy, grunt_ogre_cave, uniq_psyche
D:11:     kennysheep_generic_room_10, uniq_josephine, uniq_urug
Temple:   nicolae_temple_x_marks_the_god_16
